 Dungeon Crawl Stone Soup version 0.32-a0-872-g59262bdc9b (webtiles) character file.

Game seed: 11043967934626390542

1481 jestert79 the Skirmisher (level 8, -1/58 HPs)
             Began as a Coglin Hunter on Mar 30, 2024.
             Slain by an orc
             ... wielding a +0 flail
              (3 damage)
             ... on level 6 of the Dungeon.
             The game lasted 00:13:59 (4663 turns).

jestert79 the Skirmisher (Coglin Hunter)            Turns: 4663, Time: 00:14:00

Health: -1/58      AC:  7    Str: 11    XL:     8   Next: 79%
Magic:  8/8        EV: 11    Int: 10    God:
Gold:   329        SH:  0    Dex: 19    Spells: 7/7 levels left

rFire   . . .        a - +2 sling {Ashmeen}
rCold   . . .        d - +0 sling {Cipactli}
rNeg    . . .        c - +0 leather armour
rPois   .            u - +2 hat
rElec   .            r - +1 cloak
rCorr   .            (no gloves)
SInv    .            (no boots)
Will    .....        (amulet unavailable)
Stlth   +            (ring unavailable)
HPRegen 0.29/turn    (ring unavailable)
MPRegen 0.11/turn    (no gizmo)

%: no passive effects
@: confused, revved
A: off-hand wielding, slow wielding, warmup strikes, no jewellery
a: Invent Gizmo


You were on level 6 of the Dungeon.
You visited 1 branch of the dungeon, and saw 6 of its levels.

You collected 329 gold pieces.

Inventory:

Hand Weapons
 a - a +2 sling (weapon) {Ashmeen}
 d - a +0 sling (offhand) {Cipactli}
Missiles
 e - 16 poisoned darts
 h - 11 curare-tipped darts (quivered)
Armour
 c - a +0 leather armour (worn)
 r - a +1 cloak (worn)
 u - a +2 hat (worn)
Wands
 m - a wand of light (5)
 s - a wand of polymorph (9)
 t - a wand of warping (18)
Scrolls
 b - a scroll of butterflies
 i - a scroll of immolation
 k - a scroll of amnesia
 w - a scroll of teleportation
Potions
 f - a potion of degeneration
 g - a potion of enlightenment
 j - a potion of curing
 l - 3 potions of heal wounds
 n - a potion of magic {unknown}
 o - a potion of berserk rage
 p - 2 potions of attraction {unknown}
 q - a potion of invisibility {unknown}
 z - 4 potions of haste {unknown}


   Skills:
 + Level 3.0 Fighting
 + Level 9.3 Ranged Weapons
 + Level 2.6 Dodging
 - Level 0.8 Stealth
 - Level 5.0 Evocations


You had 7 spell levels left.
You didn't know any spells.
Your spell library contained the following spells:

 Spells                   Type           Power      Damage    Failure   Level
 Foxfire                  Conj/Fire      0%         2x1d4     45%         1
 Cigotuvi's Dreadful Rot  Necr/Alch/Air  0%         N/A       58%         2
 Lesser Beckoning         Tloc           0%         N/A       58%         2
 Inner Flame              Hex/Fire       0%         N/A       83%         3
 Teleport Other           Tloc           0%         N/A       83%         3
 Tukima's Dance           Hex            0%         N/A       83%         3
 Dimensional Bullseye     Hex/Tloc       0%         N/A       99%         4
 Dispel Undead            Necr           0%         3d6       99%         4
 Ignite Poison            Fire/Alch      0%         N/A       99%         4
 Iskenderun's Mystic Bla Conj/Tloc 0%             2d3        (+2d1     99%         4
 Martyr's Knell           Necr/Summ      0%         N/A       99%         4
 Maxwell's Portable Pile  Tloc           0%         2d(5-10)  99%         4
 Freezing Cloud           Conj/Ice/Air   0%         6-21      100%        5
 Irradiate                Conj/Alch      0%         3d11      100%        5
 Plasma Beam              Fire/Air       0%         2x1d10    100%        6
 Starburst                Conj/Fire      0%         6d3       100%        6
 Ignition                 Fire           0%         3d3       100%        8


Dungeon Overview and Level Annotations

Branches:
Dungeon (6/15)
 Temple: D:4-7

Altars:
Gozag
Kikubaaqudgha
Uskayaw
Zin

Shops:
D:4 =*   D:5 *=


Innate Abilities, Weirdness & Mutations

You can wield a second weapon in your off-hand.
It takes a long time for you to wield or remove held weapons.
Your first few attacks do less damage.
You cannot equip rings or amulets.


Message History

The sling bullet barely misses the scorpion.
The scorpion misses you.
You shoot a sling bullet.
The sling bullet barely misses the scorpion.
You shoot a sling bullet. The sling bullet hits the scorpion.
The scorpion is almost dead.
The scorpion closely misses you. The scorpion completely misses you.
You shoot a sling bullet.
The sling bullet closely misses the scorpion.
You shoot a sling bullet. The sling bullet hits the scorpion.
You kill the scorpion!
Your Fighting skill increases to level 3!
No target in view!
No target in view!
You see here a scorpion corpse.
Something hits you.
You shoot a sling bullet. x2; Something hits you.
You shoot a sling bullet. x2; Something hits you.
You are electrocuted!
You shoot a sling bullet. x2
The orc shouts!
Something hits you but does no damage.
You shoot a sling bullet. x2
You hear some strange, mumbled words.
You are confused.
You clumsily bash something but do no damage.
You closely miss something with your +2 sling.
Something hits you but does no damage.
You are electrocuted!
Something hits you but does no damage.
You completely miss something with your +0 sling.
You completely miss something with your +2 sling.
Something hits you but does no damage.
You are electrocuted!
* * * LOW HITPOINT WARNING * * *
You clumsily bash something but do no damage.
You closely miss something with your +0 sling.
Something hits you.
* * * LOW HITPOINT WARNING * * *
You closely miss the orc with your +2 sling.
You closely miss the orc with your +0 sling.
The orc hits you with a +0 flail.
You die...

#....... #$......
#... ... #......#
#)##..#.#.#######
#?....#......<...
#.###[#
##..#o#####
#.#.#{@†..#
#.##.#####.## #
#. #.####...##.#
# #.....)#....#
######÷<.####
##.## #.# #.# #.#


You could see an orc.

Vanquished Creatures
  Grinder (D:5)
  Menkaure (D:5)
  A water moccasin (D:6)
  A swamp drake (D:5)
  An ice beast (D:5)
  2 ogres
  A centaur (D:5)
  2 scorpions (D:6)
  A wight (D:6)
  A jelly (D:6)
  A hound (D:4)
  An orc priest (D:6)
  Jessica (D:3)
  A sleepcap (D:5)
  9 adders
  6 gnolls
  A white imp (D:5)
  2 ufetubi (D:6)
  A dart slug (D:3)
  8 orcs
  9 endoplasms
  5 giant cockroaches
  9 goblins
  9 hobgoblins
  5 kobolds
  4 quokkas
  6 ball pythons
  7 bats
  5 frilled lizards
  3 rats
105 creatures vanquished.

Vanquished Creatures (collateral kills)
  A howler monkey (D:5)
1 creature vanquished.

Vanquished Creatures (others)
  A wight (D:6)
  A killer bee (D:5)
2 creatures vanquished.

Grand Total: 108 creatures vanquished

Notes
Turn   | Place    | Note
-------+----------+-------------------------------------------
     0 | D:1      | jestert79 the Coglin Hunter began the quest for the Orb.
     0 | D:1      | Reached XP level 1. HP: 16/16 MP: 1/1
   143 | D:1      | Reached XP level 2. HP: 22/22 MP: 2/2
   161 | D:1      | Reached skill level 4 in Ranged Weapons
   561 | D:1      | Reached XP level 3. HP: 27/27 MP: 3/3
   671 | D:1      | Found a faded altar of an unknown god.
  1040 | D:2      | Reached XP level 4. HP: 33/33 MP: 4/4
  1091 | D:2      | Reached skill level 5 in Ranged Weapons
  1747 | D:3      | Found a glowing silver altar of Zin.
  1747 | D:3      | Noticed an angel
  1908 | D:3      | Reached XP level 5. HP: 38/38 MP: 5/5
  2009 | D:3      | Noticed Jessica
  2011 | D:3      | Killed Jessica
  2014 | D:3      | You fall into a shaft and drop 2 floors!
  2014 | D:5      | Entered Level 5 of the Dungeon
  2072 | D:5      | Reached skill level 6 in Ranged Weapons
  2072 | D:5      | Noticed Grinder
  2073 | D:5      | Noticed a centaur
  2735 | D:4      | Identified the +3 buckler "Foruce" {rElec Will+ MP-9 Str+7}
  2814 | D:4      | Found Gozag's Platinum Reserve.
  2819 | D:4      | Found an opulent altar of Gozag.
  2910 | D:4      | Reached XP level 6. HP: 43/44 MP: 6/6
  3125 | D:4      | Found Soit's Jewellery Shoppe.
  3163 | D:4      | Found a hide-covered altar of Uskayaw.
  3176 | D:4      | Found an ancient bone altar of Kikubaaqudgha.
  3259 | D:5      | Reached skill level 7 in Ranged Weapons
  3454 | D:5      | Reached skill level 1 in Evocations
  3454 | D:5      | Reached XP level 7. HP: 50/50 MP: 7/7
  3456 | D:5      | Found Wiakex's Jewellery Shop.
  3456 | D:5      | Found Gyfur's General Store.
  3611 | D:5      | Noticed Eustachio
  3615 | D:5      | Eustachio changed into Eustachio the killer bee
  3615 | D:5      | Noticed Eustachio
  3628 | D:5      | Noticed Menkaure
  3637 | D:5      | Your ally Eustachio died
  3638 | D:5      | Killed Menkaure
  3757 | D:5      | Noticed Sigmund
  3765 | D:5      | Sigmund changed into Sigmund the swamp drake
  3765 | D:5      | Noticed Sigmund
  3770 | D:5      | Killed Sigmund the swamp drake
  3771 | D:5      | Reached skill level 8 in Ranged Weapons
  3913 | D:5      | Reached XP level 8. HP: 34/56 MP: 8/8
  4098 | D:5      | Killed Grinder
  4190 | D:6      | Reached skill level 9 in Ranged Weapons
  4190 | D:6      | Reached skill level 5 in Evocations
  4352 | D:6      | Noticed a wyvern
  4662 | D:6      | HP: 2/58 [something (5)]
  4663 | D:6      | Slain by an orc

Illustrated notes

Levels and vault maps discovered:
D:1:      erik_arrival_orb_chamber, layout_loops_ring,
          dreamdust_ecumenical_altar_hidden_monk_grotto
D:2:      layout_basic
D:3:      layout_loops_ring, zin_angel, minmay_vboxes, uniq_jessica
D:4:      layout_rooms, nicolae_gozag_zags_fifth_avenue,
          nicolae_overflow_hidden_temple, serial_shops, shop,
          minmay_quadrilaterals
D:5:      layout_basic, serial_shops,
          nicolae_shop_temple_entry_statues_fountains, nicolae_take_the_stairs,
          uniq_menkaure, uniq_sigmund, uniq_eustachio, uniq_grinder
D:6:      layout_loops_ring, mainiacjoe_overflow_alcove_1, grunt_ministairs_6

Skill      XL: |  1  2  3  4  5  6  7  8 |
---------------+-------------------------+-----
Ranged Weapons | 4 5 6 7 8 9 |  9.3
Evocations     | 1 4 5 |  5.0
Dodging        | 2 |  2.6
Fighting       | 3 |  3.0
Stealth        | |  0.8

Action                     |  1- 3 |  4- 6 |  7- 9 || total
---------------------------+-------+-------+-------++-------
  Melee: Sling             |       |       |     8 ||     8
   Fire: Sling             |   132 |   248 |   170 ||   550
  Throw: Dart              |       |     1 |       ||     1
  Evoke: Wand              |       |       |    14 ||    14
    Use: Scroll            |       |    12 |       ||    12
 Armour: Leather armour    |    11 |    31 |    61 ||   103
  Dodge: Dodged            |     6 |    24 |    43 ||    73

Table legend: (Time is in decaauts)
 A = Elapsed time spent in this place.
 B = Non-inter-level travel time spent in this place.
 C = Inter-level travel time spent in this place.
 D = Time resting spent in this place.
 E = Time spent auto-exploring this place.
 F = Levels seen in this place.
 G = Mean time per level.
                   A        B        C        D        E       F      G
               +--------+--------+--------+--------+--------+-----+--------+
         Total |   4704 |   4217 |    487 |    728 |   2360 |   6 |  784.0 |
       Dungeon |   4704 |   4217 |    487 |    728 |   2360 |   6 |  784.0 |
               +--------+--------+--------+--------+--------+-----+--------+

Top non-repeatable levels by time:
     D:5: 1313 daAuts
     D:3: 921 daAuts
     D:2: 851 daAuts
     D:1: 821 daAuts
     D:4: 621 daAuts
     D:6: 176 daAuts
